 Dungeon Crawl Stone Soup version 0.25-a0-21-ga5a8db46c7 (webtiles) character file.

Game seed: 9765088498291476440, levelgen mode: deterministic

6 Kohma the Sneak (level 1, -1/9 HPs)
             Began as a Spriggan Enchanter on Oct 16, 2019.
             Slain by a goblin (5 damage)
             ... on level 1 of the Dungeon.
             The game lasted 00:01:04 (648 turns).

Kohma the Sneak (Spriggan Enchanter)                 Turns: 648, Time: 00:01:05

Health: -1/9       AC:  2    Str:  4    XL:     1   Next: 75%
Magic:  5/5        EV: 18    Int: 16    God:
Gold:   18         SH:  0    Dex: 16    Spells: 4/5 levels left

rFire    . . .     SeeInvis +   g - -1 dagger (curse)
rCold    . . .     Gourm    .   (shield restricted)
rNeg     . . .     Faith    .   b - +0 robe
rPois    .         Spirit   .   (helmet restricted)
rElec    .         Reflect  .   (no cloak)
rCorr    .         Harm     .   (gloves unavailable)
MR       .....                  (boots unavailable)
Stlth    +++.......             (no amulet)
HPRegen  0.03/turn              (no ring)
MPRegen  0.09/turn              (no ring)

@: very quick
A: very small, unfitting armour, see invisible, herbivore, speed 3, slow
metabolism 2
a: no special abilities


You were on level 1 of the Dungeon.
You were not hungry.

You visited 1 branch of the dungeon, and saw 1 of its levels.

You collected 18 gold pieces.

Inventory:

Hand Weapons
 a - a +1 dagger
 g - a cursed -1 dagger (weapon)
Armour
 b - a +0 robe (worn)
Potions
 f - 2 potions of might
Comestibles
 d - 2 rations


   Skills:
 + Level 1.6 Short Blades
 - Level 3.0 Dodging
 + Level 4.8 Stealth
 - Level 2.6 Spellcasting
 - Level 3.6 Hexes


You had 4 spell levels left.
You knew the following spells:

 Your Spells              Type           Power        Failure   Level  Hunger
a - Corona                Hex            ##.....      4%          1    #......

Your spell library contained the following spells:

 Spells                   Type           Power        Failure   Level  Hunger
 Confuse                  Hex            ##......     13%         3    ###....
 Tukima's Dance           Hex            ##......     13%         3    ###....
 Ensorcelled Hibernation  Hex/Ice        #.....       14%         2    ##.....
 Dazzling Spray           Conj/Hex       #.....       28%         3    ###....


Dungeon Overview and Level Annotations

Branches:
Dungeon (1/15)

Altars:


Innate Abilities, Weirdness & Mutations

You are very small and have problems with some larger weapons.
You are too small for most types of armour.
You have supernaturally acute eyesight. (SInv)
You are a herbivore.
You cover ground extremely quickly.
You need to consume almost no food.


Message History

You barely miss the goblin.
The goblin is almost dead.
The goblin misses you.
You hit the goblin but do no damage.
The goblin is almost dead.
The goblin completely misses you. The goblin barely misses you.
You closely miss the goblin.
The goblin is almost dead.
The goblin closely misses you.
You closely miss the goblin.
The goblin is almost dead.
The goblin misses you.
You hit the goblin but do no damage.
The goblin is almost dead.
The goblin hits you. The goblin closely misses you.
You barely miss the goblin.
The goblin is almost dead.
The goblin hits you.
Ouch! That really hurt!
You die...

#########.# #...# ## ## #.#
#...# #. .# ###########.# #)..#
#. .# #........##.#
########...####. .#
#.....##.#..###.............รท.
.#
#.............................
.#
#.....##...#.#................
.#
#...>.##...#.#.#######...####.
)# ##..........g@.## #...# ##
## ##.####..###...### #...#
######...............# #...#
....##############8..# #...#
###.#
*,.............#***K(.#****
###.#
*,*####...##8..#*,,,,,,>,,,
.##.# *,*
#.....#####*,**,*,*,,,
.##.###,* ##.<.## *,**,*,*,*,
......#,*
#.....#*****,**,,,,,*,


You could see a goblin (berserk).

Vanquished Creatures
  A bat (D:1)
  2 goblins (D:1)
  A kobold (D:1)
  2 rats (D:1)
6 creatures vanquished.

Notes
Turn   | Place    | Note
-------+----------+-------------------------------------------
     0 | D:1      | Kohma the Spriggan Enchanter began the quest for the Orb.
     0 | D:1      | Reached XP level 1. HP: 9/9 MP: 5/5
   648 | D:1      | Slain by a goblin

Levels and vault maps discovered:
D:1:      psy_arrival_basics, layout_loops_cross, hex_large

Action                   || total
-------------------------++-------
Melee: Dagger            ||    41
  Use: Scroll            ||     2
 Stab: Sleeping          ||     5
Armor: Robe              ||     2
Dodge: Dodged            ||    26

Table legend:
 A = Non-vault XP
 B = Vault XP
 C = Vault XP percentage of total XP
 D = Non-vault monster count
 E = Vault monster count
 F = Vault count percentage of total count
                 A         B        C        D         E       F
            +---------+---------+-------+---------+---------+-------
      Total |       9 |       0 |   0.0 |       6 |       0 |   0.0
            +---------+---------+-------+---------+---------+-------
        D:1 |       9 |       0 |   0.0 |       6 |       0 |   0.0
            +---------+---------+-------+---------+---------+-------
